 Dungeon Crawl Stone Soup version 0.31-a0-1574-g5526595cd0 (webtiles) character file.

Game seed: 16517859159483527368

558327 James the Hoplite (level 27, -6/233 HPs)
             Began as a Formicid Fighter on Jan 3, 2024.
             Was the Champion of the Shining One.
             Mangled by a rockslime (14 damage)
             ... created by the Royal Jelly
             ... on level 4 of the Pits of Slime on Jan 4, 2024.
             The game lasted 04:06:20 (63921 turns).

James the Hoplite (Formicid Fighter)               Turns: 63921, Time: 04:06:21

Health: -6/233     AC: 29    Str: 31    XL:     27
Magic:  26/35      EV: 12    Int:  6    God:    the Shining One [******]
Gold:   4203       SH: 26    Dex: 21    Spells: 26/26 levels left

rFire   + + .        a - +12 glaive of Prune {freeze, Prune}
rCold   + . .        h - +0 tower shield of Untruth {-Tele rF+ rC+ Dex+3 SInv}
rNeg    + + +        I - +7 crystal plate armour {rC+}
rPois   +            (helmet unavailable)
rElec   +            Q - +2 cloak
rCorr   .            k - +2 pair of gloves {Dex+3}
SInv    +            x - +0 pair of boots "Heecuned" {Regen+}
Will    +++++        G - amulet of Jutadafo {rPois Will+++ Regen+ Int-4 SInv} Stlth
                     y - ring of the Failed Coup {Fire Fly rElec Dex+2 Slay+2}
HPRegen 2.18/turn    H - +4 ring of protection
MPRegen 0.24/turn

%: no passive effects
@: corroded, flying, glowing, studying 3 skills
A: permanent stasis, dig shafts and tunnels, antennae 3, four strong arms,
deterioration 1, dopey 1, low MP 1, screaming 2, persistent drain
}: 3/15 runes: serpentine, barnacled, silver
a: Dig, Shaft Self, Renounce Religion, Divine Shield, Cleansing Flame, Summon
Divine Warrior


You were on level 4 of the Pits of Slime.
You worshipped the Shining One.
The Shining One was exalted by your worship.
You visited 12 branches of the dungeon, and saw 52 of its levels.
You also visited: Sewer, Ice Cave and Wizlab.

You collected 7347 gold pieces.
You spent 3144 gold pieces at shops.

Inventory:

Hand Weapons
 a - the +12 glaive of Prune (weapon) {freeze, Prune}
   (You bought it in a shop on level 3 of the Snake Pit)

   Prune:     It halves damage taken while paralysed, petrified or unconscious.
 b - the +18 lance "Wyrmbane" {slay drac, rPois rF+ rC+ AC+3}
   (You took it off a deep elf zephyrmancer on level 3 of the Elven Halls)

   AC+3:      It affects your AC (+3).
   rF+:       It protects you from fire.
   rC+:       It protects you from cold.
   rPois:     It protects you from poison
 l - a +9 bardiche of holy wrath
   (You took it off a vampire knight on level 3 of the Crypt)
 s - the +9 arbalest "Giant's Undoing" {penet, rC- MP+9 SInv}
   (You found it on level 5 of the Lair of Beasts)

   rC-:       It makes you vulnerable to cold.
   MP+9:      It affects your magic capacity (+9).
   SInv:      It lets you see invisible.
 D - a +5 halberd of protection
   (You found it on level 3 of the Elven Halls)
Missiles
 w - 4 silver javelins
 F - 22 javelins
 L - 9 curare-tipped darts {!f}
 N - 67 poisoned darts
 S - 6 darts of dispersal {!f}
 T - 6 atropa-tipped darts
Armour
 h - the +0 tower shield of Untruth (worn) {-Tele rF+ rC+ Dex+3 SInv}
   (You acquired it on level 1 of the Lair of Beasts)

   Dex+3:     It affects your dexterity (+3).
   rF+:       It protects you from fire.
   rC+:       It protects you from cold.
   SInv:      It lets you see invisible.
   -Tele:     It prevents most forms of teleportation.
 k - a +2 pair of gloves of dexterity (worn)
   (You bought it in a shop on level 4 of the Dungeon)
 x - the +0 pair of boots "Heecuned" (worn) {Regen+}
   (You found it on level 3 of the Elven Halls)

   Regen+:    It increases your rate of health regeneration.
 B - a scarf of repulsion
   (You found it on level 2 of the Crypt)
 I - a +7 crystal plate armour of cold resistance (worn)
   (You found it in an ice cave)
 Q - a +2 cloak (worn)
   (You found it on level 15 of the Dungeon)
Jewellery
 j - the ring of Ipuwn {rC+++ rN+ Str+8 Dex-5}
   (You found it on level 3 of the Crypt)

   [ring of positive energy]

   Str+8:     It affects your strength (+8).
   Dex-5:     It affects your dexterity (-5).
   rC+++:     It renders you almost immune to cold.
   rN+:       It protects you from negative energy.
 n - the ring of Copra {rElec Will+ AC+4 Str-5 Int+3}
   (You took it off a deep elf high priest on level 3 of the Elven Halls)

   [ring of protection]

   AC+4:      It affects your AC (+4).
   Str-5:     It affects your strength (-5).
   Int+3:     It affects your intelligence (+3).
   rElec:     It insulates you from electricity.
   Will+:     It increases your willpower.
 r - the amulet "Uwnynin" {Reflect rPois SH+5 SInv Stlth+}
   (You found it on level 4 of the Shoals)

   [amulet of reflection]

   Reflect:   It reflects blocked missile attacks.
   rPois:     It protects you from poison SInv: It lets you see invisible.
   SH+5:      It affects your SH (+5).
   Stlth+:    It makes you more stealthy.
 y - the ring of the Failed Coup (left hand) {Fire Fly rElec Dex+2 Slay+2}
   (You took it off a merfolk on level 4 of the Shoals)

   [ring of fire]

   Fire:      It enhances your fire magic.
   Dex+2:     It affects your dexterity (+2).
   Slay+2:    It affects your accuracy & damage with ranged weapons and melee
   (+2).
   rF+:       It protects you from fire.
   rC-:       It makes you vulnerable to cold.
   rElec:     It insulates you from electricity.
   Fly:       It grants you flight.
 G - the amulet of Jutadafo (around neck) {rPois Will+++ Regen+ Int-4 SInv}
   (You bought it in a shop on level 4 of the Dungeon)

   [amulet of regeneration]

   Int-4:     It affects your intelligence (-4).
   rPois:     It protects you from poison Will+++: It greatly increases your
   willpower.
   SInv:      It lets you see invisible.
   Regen+:    It increases your rate of health regeneration.
 H - a +4 ring of protection (right hand)
   (You found it on level 3 of the Dungeon)
Wands
 d - a wand of iceblast (52)
   (You found it on level 6 of the Dungeon)
 m - a wand of quicksilver (42)
   (You took it off a naga on level 2 of the Lair of Beasts)
 u - a wand of paralysis (47)
   (You found it on level 1 of the Lair of Beasts)
 v - a wand of digging (3)
   (You found it on level 3 of the Depths)
 J - a wand of mindburst (43)
   (You took it off Maurice on level 8 of the Dungeon)
 V - a wand of polymorph (13)
   (You found it on level 2 of the Shoals)
Scrolls
 g - 2 scrolls of fear
 t - 2 scrolls of revelation
 E - 12 scrolls of immolation {!r}
 O - 9 scrolls of fog
 R - 2 scrolls of brand weapon
 W - a scroll of butterflies
 Y - 4 scrolls of silence
 Z - 4 scrolls of enchant weapon
Potions
 c - 8 potions of mutation {!q}
 f - 27 potions of curing {@q1}
 i - 2 potions of enlightenment
 p - 15 potions of heal wounds {@q2}
 q - 8 potions of ambrosia
 C - 7 potions of brilliance
 K - 4 potions of magic
 M - 6 potions of cancellation
 P - 9 potions of might
 X - 2 potions of resistance
Miscellaneous
 e - a phial of floods
   (You found it on level 5 of the Lair of Beasts)
 z - a phantom mirror
   (You found it on level 12 of the Dungeon)
 U - a condenser vane
   (You found it in an ice cave)


   Skills:
 - Level 22.6 Fighting
 + Level 22.1 Polearms
 - Level 22.6 Armour
 - Level 8.0 Dodging
 - Level 26.0 Shields
 - Level 24.2 Invocations


You had 26 spell levels left.
You didn't know any spells.
Your spell library contained the following spells:

 Spells                   Type           Power      Damage    Failure   Level
 Apportation              Tloc           0%         N/A       98%         1
 Foxfire                  Conj/Fire      0%         2x1d4     98%         1
 Freeze                   Ice            0%         1d3       98%         1
 Kiss of Death            Conj/Necr      0%         2d5       98%         1
 Magic Dart               Conj           0%         1d3       98%         1
 Necrotise                Necr           0%         1d4       98%         1
 Sandblast                Erth           0%         2d4       98%         1
 Shock                    Conj/Air       0%         1d3       98%         1
 Sting                    Conj/Alch      0%         1d3       98%         1
 Summon Small Mammal      Summ           0%         N/A       98%         1
 Call Imp                 Summ           0%         N/A       99%         2
 Cigotuvi's Dreadful Rot  Necr/Alch/Air  0%         N/A       99%         2
 Ensorcelled Hibernation  Hex/Ice        0%         N/A       99%         2
 Jinxbite                 Hex            0%         N/A       99%         2
 Lesser Beckoning         Tloc           0%         N/A       99%         2
 Mercury Vapours          Alch/Air       0%         N/A       99%         2
 Scorch                   Fire           0%         2d5       99%         2
 Searing Ray              Conj           0%         2d4       99%         2
 Static Discharge         Conj/Air       0%         3-3/arc   99%         2
 Sublimation of Blood     Necr           0%         N/A       99%         2
 Confusing Touch          Hex            0%         N/A       100%        3
 Dazzling Flash           Conj/Hex       0%         N/A       100%        3
 Frozen Ramparts          Ice            0%         1d1       100%        3
 Fugue of the Fallen      Necr           0%         N/A       100%        3
 Gell's Gravitas          Tloc           0%         N/A       100%        3
 Hailstorm                Conj/Ice       0%         3d5       100%        3
 Mephitic Cloud           Conj/Alch/Air  0%         N/A       100%        3
 Ozocubu's Armour         Ice            0%         N/A       100%        3
 Passwall                 Erth           0%         N/A       100%        3
 Stone Arrow              Conj/Erth      0%         3d7       100%        3
 Summon Ice Beast         Ice/Summ       0%         N/A       100%        3
 Teleport Other           Tloc           0%         N/A       100%        3
 Tukima's Dance           Hex            0%         N/A       100%        3
 Airstrike                Air            0%         2d(0-16)  100%        4
 Anguish                  Hex/Necr       0%         N/A       100%        4
 Brom's Barrelling Bould  Conj/Erth      0%         2d3       100%        4
 Dimensional Bullseye     Hex/Tloc       0%         N/A       100%        4
 Dispel Undead            Necr           0%         3d6       100%        4
 Flame Wave               Conj/Fire      0%         2d4       100%        4
 Fulminant Prism          Conj/Alch      0%         3d5       100%        4
 Ignite Poison            Fire/Alch      0%         N/A       100%        4
 Iskenderun's Mystic Bla  Conj/Tloc      0%         2d3       100%        4
 Leda's Liquefaction      Alch/Erth      0%         N/A       100%        4
 Manifold Assault         Tloc           0%         N/A       100%        4
 Martyr's Knell           Necr/Summ      0%         N/A       100%        4
 Olgreb's Toxic Radiance  Alch           0%         N/A       100%        4
 Passage of Golubria      Tloc           0%         N/A       100%        4
 Petrify                  Alch/Erth      0%         N/A       100%        4
 Sticky Flame             Fire/Alch      0%         2d4       100%        4
 Summon Blazeheart Golem  Fire/Summ      0%         N/A       100%        4
 Summon Lightning Spire   Summ/Air       0%         N/A       100%        4
 Alistair's Intoxication  Alch           0%         N/A       100%        5
 Arcjolt                  Conj/Air       0%         1d10      100%        5
 Curse of Agony           Necr           0%         N/A       100%        5
 Freezing Cloud           Conj/Ice/Air   0%         6-21      100%        5
 Irradiate                Conj/Alch      0%         3d11      100%        5
 Iskenderun's Battlesphe  Conj           0%         2d6       100%        5
 Metabolic Englaciation   Hex/Ice        0%         N/A       100%        5
 Summon Mana Viper        Hex/Summ       0%         N/A       100%        5
 Yara's Violent Unravell  Hex/Alch       0%         3d3       100%        5
 Bombard                  Conj/Erth      0%         9d1       100%        6
 Plasma Beam              Fire/Air       0%         2x1d10    100%        6
 Sculpt Simulacrum        Ice/Alch       0%         N/A       100%        6
 Starburst                Conj/Fire      0%         6d3       100%        6
 Summon Cactus Giant      Summ           0%         N/A       100%        6
 Monstrous Menagerie      Summ           0%         N/A       100%        7
 Orb of Destruction       Conj           0%         9d5       100%        7
 Ozocubu's Refrigeration  Ice            0%         4d7       100%        7
 Spellforged Servitor     Conj/Summ      0%         N/A       100%        7
 Summon Hydra             Summ           0%         N/A       100%        7
 Discord                  Hex            0%         N/A       100%        8
 Ignition                 Fire           0%         3d3       100%        8
 Lehudib's Crystal Spear  Conj/Erth      0%         10d2      100%        8
 Death's Door             Necr           0%         N/A       100%        9
 Fire Storm               Conj/Fire      0%         5d1       100%        9
 Blink                    Tloc           Unusable   N/A       N/A         2
 Swiftness                Air            Unusable   N/A       N/A         3
 Vhi's Electric Charge    Tloc/Air       Unusable   N/A       N/A         4

Dungeon Overview and Level Annotations

Branches:
Dungeon (15/15)            Temple (1/1) D:5            Lair (5/5) D:11
 Shoals (4/4) Lair:3        Snake (4/4) Lair:2        Slime (5/5) Lair:5
    Orc (2/2) D:11            Elf (3/3) Orc:2        Vaults (5/5) D:13
  Crypt (3/3) Vaults:3       Tomb (1/3) Crypt:3      Depths (4/4) D:15
    Zot (0/5) Depths:4      Sewer (visited)           IceCv (visited)
 WizLab (visited)

Altars:
Ashenzari
Cheibriados
Dithmenos
Elyvilon
Fedhas
Gozag
Hepliaklqana
Kikubaaqudgha
Makhleb
Nemelex Xobeh
Okawaru
Qazlal
Ru
Sif Muna
Trog
Uskayaw
Vehumet
Wu Jian
Xom
Yredelemnul
Zin
The Shining One
Jiyva

Shops:
D:4 *   D:11 =   D:13 (   Orc:1 *   Orc:2 (!*[   Elf:1 :   Elf:3 !   Shoals:3 (
Snake:3 ([(   Vaults:1 :   Vaults:2 !   Vaults:3 [   Vaults:4 [   Depths:3 :=:
Depths:4 ***[

Portals:
Hell: Depths:1 Depths:2 Depths:3 Depths:4
Abyss: Depths:2 Depths:3
Pandemonium: Depths:2
Ziggurat: Depths:2
Trove: Vaults:2 (give 12 potions of heal wounds)

Annotations:
Slime:5 Royal Jelly
Elf:2 5 runed translucent doors
Elf:3 exclusion: 2 upstairs


Innate Abilities, Weirdness & Mutations

You cannot be hasted, slowed, berserked, paralysed or teleported.
You can dig through walls and to a lower floor.
You have a pair of large antennae on your head. (SInv)
Your four strong arms can wield two-handed weapons with a shield.
Your body sometimes deteriorates upon taking damage.
You are dopey. (Int -2)
Your magical capacity is low. (-10% MP)
You frequently scream uncontrollably at your foes.
Your health recovers twice as slowly from being drained.


Message History

The acid blob spits acid at you. The splash of acid hits you!
* * * LOW HITPOINT WARNING * * *
The acid corrodes you! You block the azure jelly's attack.
The azure jelly hits you but does no damage. x2
The azure jelly hits you.
* * * LOW HITPOINT WARNING * * *
The azure jelly hits you but does no damage. x2
The azure jelly misses you. The azure jelly barely misses you.
The rockslime barely misses you.
You slice the acid blob!! You freeze the acid blob.
You kill the acid blob!
That felt strangely unrewarding.
The acid blob spits acid at you. The splash of acid hits you!!
* * * LOW HITPOINT WARNING * * *
The acid corrodes you! You block the azure jelly's attack. x3
The azure jelly hits you but does no damage.
The azure jelly closely misses you. You block the azure jelly's attack.
The azure jelly hits you but does no damage.
The azure jelly barely misses you. The rockslime hits you!
* * * LOW HITPOINT WARNING * * *
You hold your ground!
You feel much better. The acid blob hits you!!
* * * LOW HITPOINT WARNING * * *
You are splashed with acid!
* * * LOW HITPOINT WARNING * * *
The azure jelly hits you but does no damage.
You block the azure jelly's attack. x2; The azure jelly closely misses you.
You block the azure jelly's attack. x2
The azure jelly hits you but does no damage.
The azure jelly closely misses you. The rockslime hits you.
The Shining One protects you from harm!
You hold your ground!
Unknown command.
Okay, then.
Okay, then.
Unknown command.
Okay, then.
Unknown command.
You feel much better. The acid blob hits you!
* * * LOW HITPOINT WARNING * * *
You are splashed with acid!
* * * LOW HITPOINT WARNING * * *
The azure jelly hits you but does no damage.
The azure jelly closely misses you.
The azure jelly hits you but does no damage.
The azure jelly barely misses you. You block the azure jelly's attack. x4
The rockslime hits you!
You die...

................#.
###..................#.###
##........#............#
###.......................
#.......<.#.......#......#
...................#......
..........................
..##...#........JJ........
.# ##..........J@G........
# ##.#.......J.....#....
###............#.....
#...................
##.##..#..#.#.#.#### ##
#############


You could see an acid blob, 2 azure jellies, a rockslime and an eye of
devastation.

Vanquished Creatures
  A dread lich (Vaults:5)
  Frederick (Depths:3)
  2 ancient liches
  Mara (Shoals:4)
  2 royal mummies (Tomb:1)
  Vv (Depths:4)
  Bai Suzhen (Crypt:3)
  2 golden dragons
  Nikola (Vaults:3)
  2 bone dragons
  Jorgrun (Elf:1)
  4 tentacled monstrosities
  3 liches
  2 titans (Vaults:5)
  4 deep elf master archers (Elf:3)
  4 deep elf blademasters (Elf:3)
  A quicksilver dragon (Vaults:5)
  A kraken (Shoals:3)
  4 ancient champions
  15 sphinxes
  Polyphemus (Shoals:2)
  2 acid blobs (Slime:4)
  Kirke (Elf:1)
  A storm dragon (Vaults:5)
  Gastronok (Lair:3)
  8 tengu reavers
  7 shadow dragons
  A draconian monk (Depths:4)
  Aizul (Elf:1)
  2 azure jellies
  3 rockslimes
  5 deep elf sorcerers
  11 nagarajas
  5 revenants
  Donald (Vaults:3)
  4 fire giants
  3 frost giants
  A draconian knight (WizLab)
  15 vault wardens
  A draconian scorcher (Depths:4)
  2 curse skulls
  An iron dragon (Vaults:5)
  A draconian stormcaller (WizLab)
  9 deep elf elementalists (Elf:3)
  7 ghouls (Crypt:2)
  2 orc warlords
  17 ironbound preservers
  A caustic shrike skeleton (Tomb:1)
  3 quicksilver oozes
  7 formless jellyfish
  17 very ugly things
  3 ironbound thunderhulks
  2 spriggan defenders (Depths:4)
  15 vampire knights
  11 deep elf death magi
  The ghost of kuniqs the Mimic, a journeyman OpSh of Gozag (Orc:1)
  11 stone giants
  The ghost of Cuthed the Spear-Bearer, a journeyman OpCK of Hepliaklqana (D:14)
  Nessos (D:15)
  11 purple draconians
  3 red draconians (Depths:4)
  3 deep elf demonologists
  The ghost of Zero the Severer, a journeyman MiBe of Trog (Lair:2)
  2 yellow draconians (Depths:4)
  7 deep elf annihilators (Elf:3)
  9 spark wasps
  5 war gargoyles
  5 dire elephants (Vaults:1)
  An ettin (shapeshifter) (D:15)
  2 eidola
  13 ettins
  5 crystal guardians
  8 fire dragons
  7 statues (WizLab)
  4 merfolk javelineers
  9 yaktaur captains
  21 jiangshi
  4 mummy priests (Tomb:1)
  9 merfolk impalers
  4 deep elf high priests
  A fenstrider witch zombie (Tomb:1)
  38 vault guards
  4 ice dragons
  5 great orbs of eyes
  4 rakshasas
  4 ogre magi
  4 spriggan air magi
  6 hydras
  2 salamander tyrants (Snake:4)
  11 anacondas
  A catoblepas (Shoals:2)
  5 boulder beetles
  6 ironbound frosthearts
  9 two-headed ogres
  5 merfolk avatars
  6 centaur warriors
  6 merfolk aquamancers
  2 death knights
  A spriggan skeleton (Crypt:3)
  10 death yaks
  7 deep troll earth magi
  15 death scarabs (Tomb:1)
  6 tengu warriors
  20 dancing weapons
  A satyr (Shoals:4)
  16 naga sharpshooters
  4 orc high priests
  An occultist (D:15)
  8 deep troll shamans
  5 spriggan berserkers
  2 titan zombies
  12 vampire magi
  Urug (D:13)
  18 naga warriors
  Sonja (D:13)
  The ghost of iamserjio the Nimble, a novice OpDe of Hepliaklqana (D:8)
  7 hell knights
  5 shock serpents
  A soul eater (Crypt:2)
  3 fire crabs (D:15)
  6 salamander mystics
  25 deep elf knights
  8 iron trolls
  2 golden dragon zombies
  3 skysharks
  36 skeletal warriors
  6 glowing orange brains
  21 sea snakes
  A storm dragon skeleton (Crypt:3)
  46 deep trolls
  A bunyip zombie (Tomb:1)
  2 naga ritualists (Snake:4)
  A mana viper (shapeshifter) (Elf:1)
  21 phantasmal warriors
  3 sea snakes (shapeshifter)
  4 flayed ghosts (Depths:3)
  11 lindwurms
  7 mana vipers
  4 arcanists
  2 bunyip skeletons (Tomb:1)
  An anaconda skeleton (Crypt:3)
  15 harpies
  31 deep elf pyromancers
  14 deep elf archers
  31 deep elf zephyrmancers
  3 bog bodies
  14 ironbound convokers
  7 necromancers
  13 orc knights
  9 orc sorcerers
  2 shining eyes (Slime:3)
  An iron dragon zombie (Crypt:3)
  A stone giant zombie (Crypt:1)
  Maurice (D:8)
  A frost giant zombie (Vaults:1)
  13 manticores
  17 salamanders
  18 ugly things
  7 cyclopes
  6 fauns (Shoals:1)
  6 elephants (Lair:5)
  A formless jellyfish zombie (Crypt:1)
  An ice statue (IceCv)
  20 vault sentinels
  43 black mambas
  A dire elephant zombie (Crypt:3)
  5 water nymphs
  A stone giant skeleton (Vaults:1)
  4 kobold blastminers
  8 merfolk sirens
  A rust devil (D:15)
  12 guardian serpents
  An eye of devastation (Lair:4)
  An eye of devastation (shapeshifter) (D:15)
  A torpor snail (shapeshifter) (Elf:1)
  21 naga magi
  10 cane toads
  6 rime drakes
  The ghost of koorschki the Covered, a novice DsFi of Gozag (D:5)
  9 gargoyles
  3 unseen horrors
  4 kobold demonologists
  A dire elephant skeleton (Crypt:3)
  8 komodo dragons
  Jeremiah (D:6)
  A torpor snail (Lair:4)
  An unseen horror zombie (D:8)
  2 efreet
  2 anaconda simulacra (IceCv)
  An alligator snapping turtle skeleton (Tomb:1)
  A spectral unseen horror (D:8)
  38 yaktaurs
  A freezing wraith (D:15)
  18 tengu conjurers
  An iron troll skeleton (Crypt:2)
  A minotaur skeleton (Crypt:2)
  13 guardian mummies (Tomb:1)
  8 trolls
  A queen bee (shapeshifter) (D:15)
  A tarantella (shapeshifter) (Vaults:5)
  A wind drake (shapeshifter) (D:15)
  2 polar bears (Lair:5)
  40 merfolk
  A tengu simulacrum (Vaults:1)
  3 hornets
  A harpy zombie (Tomb:1)
  A tarantella zombie (Crypt:1)
  A harpy skeleton (Crypt:3)
  A glass eye (shapeshifter) (Depths:4)
  A blink frog (shapeshifter) (D:15)
  A hydra skeleton (Crypt:3)
  5 wind drakes
  5 dream sheep
  13 blink frogs
  7 glass eyes
  A centaur simulacrum (D:14)
  41 slime creatures
  A shadow (D:10)
  12 snapping turtles
  A spriggan (Depths:4)
  3 air elementals
  2 dire elephant simulacra (IceCv)
  22 water elementals
  9 fire elementals
  9 wyverns
  4 wraiths
  2 vampires
  2 ushabtiu (Tomb:1)
  3 hogs (Elf:1)
  2 basilisks (D:15)
  58 yaks
  3 wargs
  A golden eye (shapeshifter) (D:15)
  A hog (shapeshifter) (Elf:2)
  Grum (D:11)
  A black mamba skeleton (Tomb:1)
  3 death yak simulacra (IceCv)
  12 vampire mosquitoes
  4 steam dragons
  A harpy simulacrum (IceCv)
  45 nagas
  2 swamp worms (Lair:1)
  2 acid dragons
  17 water moccasins
  A black bear (Lair:3)
  27 orc warriors
  2 sky beasts
  2 ice beasts (D:7)
  10 ogres
  An ettin simulacrum (Vaults:1)
  4 centaurs
  19 wolves
  33 laughing skulls
  2 phantoms (D:5)
  A dream sheep skeleton (Crypt:1)
  11 kobold brigands
  Blork the orc (D:6)
  6 bullfrogs
  5 necrophages
  5 earth elementals
  2 cane toad simulacra (IceCv)
  A yaktaur skeleton (Crypt:1)
  7 two-headed ogre simulacra
  An elf skeleton (Crypt:2)
  5 wights
  A raiju zombie (Crypt:2)
  2 elephant simulacra (IceCv)
  16 killer bees
  A yak skeleton (Crypt:1)
  2 troll skeletons (Crypt:2)
  A howler monkey (D:8)
  13 electric eels
  3 bombardier beetles
  2 bullfrog zombies (D:6)
  4 centaur zombies
  28 orc priests
  6 hounds
  4 jellies
  4 iguanas
  18 orc wizards
  6 troll simulacra (IceCv)
  A polar bear simulacrum (IceCv)
  9 spriggan simulacra
  6 wolf simulacra
  A killer bee zombie (D:6)
  A brain worm zombie (Crypt:2)
  A naga skeleton (Crypt:1)
  11 mummies (Tomb:1)
  A killer bee simulacrum (D:8)
  A howler monkey zombie (D:6)
  3 gnolls (D:2)
  A howler monkey skeleton (Crypt:1)
  15 adders
  4 naga simulacra (IceCv)
  A swamp drake zombie (Crypt:2)
  3 shadow imps
  6 white imps
  16 ufetubi
  2 ribbon worms
  72 orcs
  8 endoplasms
  3 giant cockroaches
  5 goblins
  5 hobgoblins
  2 jackals (D:1)
  8 quokkas
  3 training dummies (Shoals:3)
  8 ball pythons
  7 bats
  4 frilled lizards (D:1)
  A giant cockroach zombie (Crypt:2)
  27 kobolds
  11 rats
  A tentacle (Shoals:3)
2164 creatures vanquished.

Vanquished Creatures (collateral kills)
  A golden dragon (Vaults:5)
  A tengu reaver (Vaults:5)
  A storm dragon (Vaults:5)
  2 shadow dragons (Vaults:5)
  A frost giant (Vaults:5)
  A fire giant (Vaults:5)
  3 very ugly things (Vaults:5)
  An ironbound preserver (Vaults:5)
  A stone giant (Vaults:5)
  A deep elf demonologist (Vaults:5)
  A war gargoyle (Vaults:5)
  An ettin (Vaults:5)
  2 yaktaur captains (Vaults:5)
  A deep elf high priest (Vaults:5)
  7 vault guards (Vaults:5)
  4 death yaks (Lair:5)
  A deep troll earth mage (Vaults:5)
  2 skysharks (Lair:5)
  A deep troll (Vaults:5)
  A harpy (Lair:5)
  A manticore (Lair:5)
  2 ugly things (Vaults:5)
  A water nymph (shapeshifter) (Vaults:5)
  A cane toad (Lair:5)
  A hornet (Lair:5)
  A snapping turtle (Lair:5)
  5 yaks (Lair:5)
  A water moccasin (Lair:5)
47 creatures vanquished.

Vanquished Creatures (others)
  An occultist (D:15)
  A deep elf knight (D:15)
  A hell knight (D:15)
  A deep elf pyromancer (Elf:2)
  A water elemental (Elf:1)
  A glowing shapeshifter skeleton (Vaults:1)
  An orc priest (Orc:2)
  An orc wizard (Orc:2)
  2 orcs (Orc:2)
  4 tentacles (Shoals:3)
14 creatures vanquished.

Grand Total: 2225 creatures vanquished

Notes
Turn   | Place    | Note
-------+----------+-------------------------------------------
     0 | D:1      | James the Formicid Fighter began the quest for the Orb.
     0 | D:1      | Reached XP level 1. HP: 18/18 MP: 1/1
    64 | D:1      | Reached XP level 2. HP: 20/24 MP: 2/2
   575 | D:1      | Reached XP level 3. HP: 29/29 MP: 3/3
   661 | D:1      | Found a faded altar of an unknown god.
   815 | D:2      | Identified the orb "Anaptel" {light, rC+ Str+2 Int-4
                  | Slay+2}
   947 | D:2      | Reached XP level 4. HP: 32/35 MP: 4/4
   964 | D:2      | Identified the +3 spear of Foul Odours {freeze, ^Fragile
                  | Str+4 Int+2 Dex+2}
  1325 | D:2      | Reached XP level 5. HP: 36/41 MP: 5/5
  1799 | D:3      | Found a broken altar of Ashenzari.
  1803 | D:3      | Reached skill level 1 in Dodging
  2335 | D:4      | Reached XP level 6. HP: 48/48 MP: 6/6
  2339 | D:4      | Found Saanaph's General Store.
  2348 | D:4      | Bought a potion of curing for 30 gold pieces
  2602 | D:4      | Reached skill level 5 in Polearms
  3069 | D:5      | Entered Level 5 of the Dungeon
  3087 | D:5      | Found a staircase to the Ecumenical Temple.
  3093 | Temple   | Entered the Ecumenical Temple
  3127 | Temple   | Became a worshipper of the Shining One
  3170 | D:5      | Reached XP level 7. HP: 35/54 MP: 7/7
  3318 | D:5      | Found a runed translucent gate.
  3318 | D:5      | Found a runed translucent gate.
  3318 | D:5      | Found a runed translucent gate.
  3318 | D:5      | Noticed koorschki's ghost (novice DsFi)
  3783 | D:6      | Reached * piety under the Shining One
  3805 | D:5      | Reached skill level 5 in Fighting
  3805 | D:5      | Reached skill level 5 in Armour
  3805 | D:5      | Reached XP level 8. HP: 48/62 MP: 8/8
  3837 | D:6      | Noticed Jeremiah
  3906 | D:6      | Found a glowing drain.
  3918 | Sewer    | Entered a sewer
  4071 | Sewer    | Reached skill level 1 in Invocations
  4899 | D:6      | Reached XP level 9. HP: 69/69 MP: 11/11
  4977 | D:6      | Killed Jeremiah
  5139 | D:6      | Found a hide-covered altar of Uskayaw.
  5225 | D:6      | Noticed Blork the orc
  5235 | D:6      | Killed Blork the orc
  5277 | D:6      | Found a basalt altar of Yredelemnul.
  5720 | D:6      | Found a basalt altar of Yredelemnul.
  5756 | D:6      | Found a hide-covered altar of Uskayaw.
  6399 | D:7      | Reached ** piety under the Shining One
  6585 | D:7      | Identified the +12 mace of Ashenzari's Supremacy {flame,
                  | rElec SInv}
  6756 | D:7      | Reached XP level 10. HP: 72/79 MP: 13/13
  6886 | D:7      | Reached skill level 5 in Invocations
  7706 | D:8      | Noticed Maurice
  7868 | D:8      | Killed Maurice
  7915 | D:8      | Reached skill level 5 in Shields
  8016 | D:8      | Reached skill level 10 in Polearms
  8233 | D:8      | Found a runed translucent gate.
  8233 | D:8      | Found a runed translucent gate.
  8233 | D:8      | Found a runed translucent gate.
  8233 | D:8      | Noticed a spectral unseen horror
  8233 | D:8      | Noticed iamserjio's ghost (novice OpDe)
  8233 | D:8      | Reached *** piety under the Shining One
  8500 | D:9      | Noticed a two-headed ogre
  8523 | D:9      | Killed a two-headed ogre
  8524 | D:9      | Reached skill level 6 in Shields
  8650 | D:9      | Reached XP level 11. HP: 86/86 MP: 15/15
  8732 | D:9      | Reached skill level 7 in Shields
  9176 | D:9      | Found a hazy altar of Hepliaklqana.
  9389 | D:10     | Entered Level 10 of the Dungeon
  9518 | D:10     | Found an opulent altar of Gozag.
  9582 | D:10     | Identified the +3 leather armour of Limited Liability
                  | {Rampage rC+ MP+9 Int-3}
  9692 | D:10     | Found a radiant altar of Vehumet.
  9869 | D:10     | Got Kigosal's Incunabulum of the Brume
 10153 | D:10     | Noticed a tengu warrior
 10173 | D:10     | Killed a tengu warrior
 10174 | D:10     | Reached skill level 8 in Shields
 10327 | D:10     | Found the +18 Lear's hauberk
 10893 | D:11     | Noticed a red ugly thing
 10905 | D:11     | Killed a red ugly thing
 11087 | D:11     | Found Ygidoytz's Jewellery Emporium.
 11166 | D:11     | Reached skill level 9 in Shields
 11278 | D:11     | Noticed a sun demon
 11372 | D:11     | Noticed Grum
 11381 | D:11     | Reached XP level 12. HP: 80/95 MP: 17/17
 11393 | D:11     | Killed Grum
 11538 | D:11     | Found a staircase to the Orcish Mines.
 11591 | D:11     | Reached **** piety under the Shining One
 11659 | D:11     | Reached skill level 10 in Shields
 11730 | D:11     | Found a staircase to the Lair.
 12272 | Lair:1   | Entered Level 1 of the Lair of Beasts
 12664 | D:4      | Bought a +0 kite shield for 45 gold pieces
 12888 | Lair:1   | Reached skill level 11 in Shields
 13273 | Lair:1   | Identified a scroll of acquirement
 13273 | Lair:1   | Acquired the +0 tower shield of Untruth {-Tele rF+ rC+
                  | Dex+3 SInv}
 14341 | D:4      | Bought the amulet of Jutadafo {rPois Will+++ Regen+ Int-4
                  | SInv} for 650 gold pieces
 14568 | Lair:2   | Reached skill level 10 in Fighting
 14691 | Lair:2   | Found a runed translucent door.
 14691 | Lair:2   | Noticed Zero's ghost (journeyman MiBe)
 14821 | Lair:2   | Reached skill level 10 in Armour
 15280 | Lair:2   | Reached XP level 13. HP: 103/103 MP: 19/19
 15317 | Lair:2   | Found a staircase to the Snake Pit.
 15633 | Lair:3   | Noticed Gastronok
 15824 | Lair:3   | Noticed a four-headed hydra
 15836 | Lair:3   | Killed a four-headed hydra
 15883 | Lair:3   | Reached skill level 12 in Shields
 16056 | Lair:3   | Identified the +5 long sword of the Spider Nest {flame, rN+
                  | Will- Str+3}
 16193 | Lair:3   | Identified the +0 robe "Galur" {Fly}
 16315 | Lair:3   | Noticed a five-headed hydra
 16352 | Lair:3   | Killed a five-headed hydra
 16577 | Lair:2   | Reached skill level 10 in Invocations
 16699 | Lair:3   | Found a staircase to the Shoals.
 17449 | Lair:4   | Noticed an eight-headed hydra
 17470 | Lair:4   | Killed an eight-headed hydra
 17765 | D:4      | Bought a +2 pair of gloves of dexterity for 215 gold pieces
 18125 | Lair:4   | Reached XP level 14. HP: 103/113 MP: 21/21
 18608 | Lair:5   | Entered Level 5 of the Lair of Beasts
 18769 | Lair:5   | Reached ***** piety under the Shining One
 18786 | Lair:5   | Reached skill level 13 in Shields
 19123 | Lair:5   | Found a staircase to the Slime Pits.
 19777 | Lair:5   | Reached XP level 15. HP: 105/120 MP: 23/23
 19813 | Lair:5   | Identified the +9 arbalest "Giant's Undoing" {penet, rC-
                  | MP+9 SInv}
 20058 | Lair:5   | Reached skill level 15 in Polearms
 20402 | D:5      | Killed koorschki's ghost
 20575 | D:8      | Killed iamserjio's ghost
 20987 | D:12     | Reached skill level 14 in Shields
 22632 | Orc:1    | Entered Level 1 of the Orcish Mines
 22842 | Orc:1    | Found Wugrec's Gadget Gallery.
 23019 | Orc:1    | Found a runed translucent gate.
 23019 | Orc:1    | Found a runed translucent gate.
 23019 | Orc:1    | Noticed kuniqs's ghost (journeyman OpSh)
 23020 | Orc:1    | Found a runed translucent gate.
 23338 | Orc:2    | Entered Level 2 of the Orcish Mines
 23338 | Orc:2    | Noticed an orc warlord
 23964 | Orc:1    | Killed an orc warlord
 24231 | Orc:1    | Reached ****** piety under the Shining One
 24592 | Orc:2    | Found a staircase to the Elven Halls.
 25255 | Orc:2    | Found Giacivux's Antique Weapon Boutique.
 25255 | Orc:2    | Found Rahull's Antique Armour Emporium.
 25263 | Orc:2    | Found Ocojeps's Distillery.
 25263 | Orc:2    | Found Buguna's General Store.
 25436 | D:13     | Reached XP level 16. HP: 130/130 MP: 25/25
 25464 | D:13     | Found Sotuhim's Antique Weapon Emporium.
 25616 | D:13     | Noticed Urug
 25637 | D:13     | Killed Urug
 25665 | D:13     | Found a frozen archway.
 25680 | IceCv    | Entered an ice cave
 26850 | IceCv    | Identified the staff "Terofri" {rElec MP+9 Int-5 SInv Air}
 27303 | D:13     | Noticed Sonja
 27311 | D:13     | Killed Sonja
 27352 | D:13     | Reached skill level 15 in Shields
 27908 | D:13     | Found a gate to the Vaults.
 28561 | D:14     | Found a runed translucent door.
 28561 | D:14     | Noticed Cuthed's ghost (journeyman OpCK)
 29245 | D:15     | Entered Level 15 of the Dungeon
 29410 | D:15     | Found a staircase to the Depths.
 29435 | D:15     | Reached XP level 17. HP: 113/138 MP: 27/27
 29662 | D:15     | Identified the +6 dagger "Emmeb" {freeze, Dex+4}
 30156 | D:15     | Noticed Nessos
 30192 | D:15     | Killed Nessos
 30193 | D:15     | Reached skill level 16 in Shields
 30625 | D:14     | Identified the +9 mace of the Trees {spect, rPois rF+}
 30652 | D:14     | Killed Cuthed's ghost
 30847 | Snake:1  | Entered Level 1 of the Snake Pit
 30855 | Snake:1  | Identified the +5 sling of Animal Spirits {drain, *Slow
                  | rPois Int+3}
 30870 | Snake:1  | Identified the +3 robe "Cylleqot" {Slay+3 Archmagi}
 33073 | Snake:2  | Reached skill level 15 in Invocations
 33584 | Snake:2  | Reached XP level 18. HP: 56/146 MP: 29/29
 34129 | Snake:3  | Found Koirph's Weapon Shoppe.
 34129 | Snake:3  | Found Wakinitt's Weapon Shop.
 34129 | Snake:3  | Found Ubayhaic's General Store.
 34165 | Snake:3  | Bought the +12 glaive of Prune {freeze, Prune} for 1416
                  | gold pieces
 34165 | Snake:3  | Found the +12 glaive of Prune {freeze, Prune}
 34515 | Snake:3  | Found Haito's Antique Armour Shoppe.
 34993 | Snake:3  | Got the Essays on United Oromancy
 35448 | Snake:4  | Entered Level 4 of the Snake Pit
 36565 | Snake:4  | Reached XP level 19. HP: 124/154 MP: 30/30
 36583 | Snake:4  | Reached skill level 17 in Shields
 37066 | Snake:4  | Reached skill level 15 in Fighting
 37102 | Snake:4  | Reached skill level 15 in Armour
 37297 | Snake:4  | Got a serpentine rune of Zot
 37529 | D:11     | Bought a ring of flight for 262 gold pieces
 37671 | Shoals:1 | Entered Level 1 of the Shoals
 38596 | Shoals:2 | Identified the +3 scale mail "Mutzy" {rF+ Str+3}
 38627 | Shoals:2 | Identified the +5 ring mail of Death's Door {SInv}
 39062 | Shoals:2 | Noticed Polyphemus
 39093 | Shoals:2 | Reached skill level 18 in Shields
 39190 | Shoals:2 | Killed Polyphemus
 39750 | Shoals:3 | Found Ydangoup's Firing Range.
 39852 | Shoals:3 | Reached XP level 20. HP: 148/164 MP: 32/32
 40439 | Shoals:4 | Entered Level 4 of the Shoals
 40710 | Shoals:4 | Identified the ring of the Failed Coup {Fire Fly rElec
                  | Dex+2 Slay+2}
 40789 | Shoals:4 | Identified the amulet "Uwnynin" {Reflect rPois SH+5 SInv
                  | Stlth+}
 41070 | Shoals:4 | Got a barnacled rune of Zot
 41153 | Shoals:4 | Noticed Mara
 41161 | Shoals:4 | Noticed James's illusion
 41162 | Shoals:4 | Killed Mara
 41690 | Lair:2   | Killed Zero's ghost
 41880 | Lair:3   | Killed Gastronok
 42039 | Lair:3   | Found a staircase to the Shoals.
 42485 | Orc:1    | Killed kuniqs's ghost
 42502 | Orc:1    | Identified the +9 short sword of Jusm {flame, rC+ Will+
                  | Int-4}
 42536 | Elf:1    | Entered Level 1 of the Elven Halls
 42543 | Elf:1    | Reached skill level 19 in Shields
 42753 | Elf:1    | Identified the serpent talisman "Niruen" {Str+4}
 42753 | Elf:1    | Noticed Aizul
 42768 | Elf:1    | Killed Aizul
 42906 | Elf:1    | Noticed Jorgrun
 42915 | Elf:1    | Killed Jorgrun
 43011 | Elf:1    | Reached XP level 21. HP: 134/174 MP: 34/34
 43172 | Elf:1    | Found Waxkenn's Book Boutique.
 43175 | Elf:1    | Noticed Kirke
 43189 | Elf:1    | Killed Kirke
 43878 | Elf:2    | Reached skill level 20 in Shields
 43982 | Elf:2    | Found a huge runed translucent gate.
 43982 | Elf:2    | Found a huge runed translucent gate.
 43982 | Elf:2    | Found a huge runed translucent gate.
 43982 | Elf:2    | Found a huge runed translucent gate.
 43983 | Elf:2    | Found a huge runed translucent gate.
 44093 | Elf:3    | Entered Level 3 of the Elven Halls
 44180 | Elf:3    | Found Waman's Distillery.
 45578 | Elf:3    | Identified the +10 mace of Fyewkuta {elec, rElec Dex+3}
 45578 | Elf:3    | Identified the +6 scale mail of Orutut {Harm rPois Regen+
                  | rCorr}
 45578 | Elf:3    | Identified the ring of Copra {rElec Will+ AC+4 Str-5 Int+3}
 45748 | Elf:3    | Reached XP level 22. HP: 163/184 MP: 35/35
 45772 | Elf:3    | Got the Compilation of Fever and Snow
 45784 | Elf:3    | Identified the +8 orcbow "Peuklit" {flame, Dex+4}
 45798 | Elf:3    | Identified the +5 quarterstaff of Royalism {protect, *Noise
                  | Int+5}
 45799 | Elf:3    | Identified the +6 rapier "Emmisys" {protect, rC+ rCorr
                  | Str-4 Dex+2}
 45805 | Elf:3    | Got the Elucidation of the Salvo and Graupel
 45808 | Elf:3    | Identified the +0 pair of boots "Heecuned" {Regen+}
 45823 | Elf:3    | Identified the staff "Katan" {rF+ Str+2 Stlth- Summ Fire}
 46432 | Elf:3    | Found Waman's Distillery.
 46933 | Vaults:1 | Entered Level 1 of the Vaults
 47185 | Vaults:1 | Reached skill level 21 in Shields
 47333 | Vaults:1 | Found Ifaqeculim's Book Shop.
 48187 | Vaults:2 | Found Rigykat's Distillery.
 48470 | Vaults:2 | Found a portal to a secret trove of treasure.
 49083 | Vaults:3 | Noticed Donald
 49093 | Vaults:3 | Killed Donald
 49546 | Vaults:3 | Reached XP level 23. HP: 181/194 MP: 37/37
 49650 | Vaults:3 | Found a staircase to the Crypt.
 49650 | Vaults:3 | Found a basalt altar of Yredelemnul.
 49650 | Vaults:3 | Found an ancient bone altar of Kikubaaqudgha.
 49694 | Vaults:3 | Identified the +2 robe of a ziggurat {rN+}
 49701 | Vaults:3 | Found the +3 robe of Clouds {*Thunder rCloud rElec}
 49856 | Vaults:3 | Noticed Nikola
 49862 | Vaults:3 | Killed Nikola
 49863 | Vaults:3 | Reached skill level 22 in Shields
 49976 | Vaults:3 | Found Quterch's Armour Shop.
 50840 | Vaults:4 | Found Hyhur's Armour Emporium.
 51537 | Depths:1 | Entered Level 1 of the Depths
 51864 | Depths:1 | Found a shimmering blue altar of Sif Muna.
 51935 | Depths:1 | Found a gateway to Hell.
 52369 | Depths:2 | Found a one-way gate leading to the halls of Pandemonium.
 52424 | Depths:2 | Found a shimmering altar of Xom.
 52718 | Depths:2 | Found a one-way gateway to a ziggurat.
 52852 | Depths:2 | Found a one-way gate to the infinite horrors of the Abyss.
 53014 | Depths:3 | Identified the orb of the Beginning {light, rF++ Str+3}
 53014 | Depths:3 | Noticed Frederick
 53057 | Depths:3 | Killed Frederick
 53058 | Depths:3 | Reached XP level 24. HP: 96/203 MP: 37/37
 53169 | Depths:3 | Found a shadowy altar of Dithmenos.
 53217 | Depths:3 | Reached skill level 23 in Shields
 53740 | Depths:3 | Noticed a golden dragon
 53762 | Depths:3 | Killed a golden dragon
 53970 | Depths:3 | Found Macruag's Book Emporium.
 53971 | Depths:3 | Found Aral's Jewellery Shop.
 53972 | Depths:3 | Found Qukopoek's Book Emporium.
 54504 | Depths:4 | Entered Level 4 of the Depths
 54753 | Depths:4 | Identified the ring of Inunou {Will- MP+9 Str+6 Int+4}
 54832 | Depths:4 | Found Qisirupt's General Store.
 54832 | Depths:4 | Found Hafysot's General Store.
 54833 | Depths:4 | Found Vuss's Assorted Antiques.
 54835 | Depths:4 | Found Iphus's Armour Shoppe.
 54846 | Depths:4 | Bought a wand of digging (3) for 264 gold pieces
 54914 | Depths:4 | Found a gate to the Realm of Zot.
 55078 | Depths:4 | Noticed Vv
 55096 | Depths:4 | Killed Vv
 55097 | Depths:4 | Reached skill level 24 in Shields
 55097 | Depths:4 | Reached XP level 25. HP: 149/213 MP: 38/38
 55586 | Snake:3  | Bought a runed cloak for 262 gold pieces
 55916 | Crypt:1  | Entered Level 1 of the Crypt
 56066 | Crypt:1  | Found a magical portal.
 56082 | WizLab   | Entered Iskenderun's Mystic Tower
 56608 | WizLab   | Got Iskenderun's Codex of Kinetic Energy
 56608 | WizLab   | Got Iskenderun's Handbook of the Impact
 57521 | Crypt:2  | Reached skill level 5 in Dodging
 58144 | Crypt:2  | Identified the amulet of Plog {Reflect rC- rN+ Str+5 Dex+3
                  | SH+5}
 58432 | Crypt:3  | Entered Level 3 of the Crypt
 58816 | Crypt:3  | Identified the +1 ring mail "Rubruare" {Str+5}
 58876 | Crypt:3  | Noticed Bai Suzhen
 58896 | Crypt:3  | Killed Bai Suzhen
 58985 | Crypt:3  | Reached XP level 26. HP: 222/222 MP: 38/38
 59046 | Crypt:3  | Found a basalt altar of Yredelemnul.
 59047 | Crypt:3  | Noticed an ancient lich
 59062 | Crypt:3  | Killed an ancient lich
 59100 | Crypt:3  | Found the +7 sceptre of Torment {pain, torment}
 59428 | Crypt:3  | Found a staircase to the Tomb.
 59540 | Crypt:3  | Identified the ring of Ipuwn {rC+++ rN+ Str+8 Dex-5}
 60024 | Vaults:4 | Upgraded the game from 0.31-a0-1555-g5715333c33 to
                  | 0.31-a0-1574-g5526595cd0
 60026 | Vaults:5 | Entered Level 5 of the Vaults
 60088 | Vaults:5 | Identified the +14 tower shield "Isionk" {rElec Dex+2
                  | Slay+6}
 60101 | Vaults:5 | Reached skill level 25 in Shields
 60625 | Vaults:5 | Reached XP level 27. HP: 223/232 MP: 38/38
 60740 | Vaults:5 | Identified the amulet of Hebburaps {Faith -Tele Int+8
                  | Stlth+}
 60753 | Vaults:5 | Got the Teachings on Creative Enchantment
 60911 | Vaults:5 | Identified the ring of Efaxyeq {rC+ Int+6}
 60986 | Vaults:5 | Noticed a dread lich
 60992 | Vaults:5 | Killed a dread lich
 61081 | Vaults:5 | Identified the +3 scale mail of Fimaw {rElec Int+2 Stlth-}
 61187 | Vaults:5 | Identified the +3 chain mail "Paenn" {rElec}
 61188 | Vaults:5 | Noticed an ancient lich
 61194 | Vaults:5 | Reached skill level 26 in Shields
 61200 | Vaults:5 | Killed an ancient lich
 61676 | Vaults:5 | Got a silver rune of Zot
 61965 | Crypt:3  | Identified a +5 bardiche of holy wrath (a +3 bardiche
                  | blessed by the Shining One)
 61965 | Crypt:3  | Received a gift from the Shining One
 61971 | Crypt:3  | Acquired 766 gold pieces
 61995 | Tomb:1   | Entered Level 1 of the Tomb of the Ancients
 62455 | Tomb:1   | Noticed a royal mummy
 62470 | Tomb:1   | Killed a royal mummy
 62481 | Tomb:1   | Noticed a royal mummy
 62492 | Tomb:1   | Killed a royal mummy
 63315 | Depths:3 | Got the Quarto of the Undead and Reconfiguration
 63588 | Slime:1  | Entered Level 1 of the Pits of Slime
 63690 | Slime:3  | Found a viscous altar of Jiyva.
 63715 | Slime:3  | Gained mutation: You are dopey. (Int -2) [a shining eye]
 63717 | Slime:3  | Gained mutation: Your health recovers twice as slowly from
                  | being drained. [a shining eye]
 63720 | Slime:3  | Gained mutation: You occasionally shout uncontrollably at
                  | your foes. [a shining eye]
 63723 | Slime:3  | Gained mutation: Your body sometimes deteriorates upon
                  | taking damage. [a shining eye]
 63734 | Slime:4  | Gained mutation: Your magical capacity is low. (-10% MP) [a
                  | shining eye]
 63737 | Slime:4  | Gained mutation: You frequently scream uncontrollably at
                  | your foes. [a shining eye]
 63804 | Slime:5  | Entered Level 5 of the Pits of Slime
 63804 | Slime:5  | Found the crystal ball of Wucad Mu {*channel}
 63823 | Slime:5  | Noticed the Royal Jelly
 63919 | Slime:4  | HP: 11/233 [rockslime[the Royal Jelly] (17)]
 63920 | Slime:4  | HP: 2/233 [acid[the Royal Jelly] (9)]
 63920 | Slime:4  | The Shining One protects you from harm!
 63921 | Slime:4  | Mangled by a rockslime

Illustrated notes

Levels and vault maps discovered:
D:1:      minmay_arrival_glassed_features, layout_basic,
          chequers_ecumenical_altar_lobes, minmay_misc_feat_chi
D:2:      layout_basic, minmay_pentomino_pile
D:3:      layout_loops_ring, evilmike_ruin_ashenzari, serial_park_tiny_2
D:4:      layout_gridville, serial_shops, nicolae_shop_advertising_works
          [nicolae_subvault_shop_adworks]
D:5:      layout_rooms, minmay_temple_entry_wispy, ebering_ghost_rock_garden
D:6:      layout_basic, mainiacjoe_overflow_chevrons, lemuel_round_altar,
          portal_sewer_entry_d, serial_undead, serial_undead_b, serial_undead_e,
          serial_undead_e, serial_undead_f, uniq_jeremiah, uniq_blork_the_orc
D:7:      layout_rooms
D:8:      minmay_spotlight, layout_cave_pools, gammafunk_ghost_necromancy,
          uniq_maurice
D:9:      layout_loops_ring, mainiacjoe_overflow_brackets
D:10:     layout_cave_pods, nicolae_vehumet_altar_sigil,
          nicolae_gozag_cash_rules_everything_around_me,
          hellmonk_guarded_unrand_lears
D:11:     layout_loops_ring, minmay_lair_entry_grove, orc_0_dummy, serial_shops,
          shop, uniq_grum
D:12:     layout_loops_ring, nicolae_tricolors
D:13:     layout_roguey, grunt_vaults_entry_fortified, serial_shops,
          nicolae_shop_window_shopping, portal_ice_cave_entry_ice_simulacra,
          uniq_urug, uniq_sonja
D:14:     layout_basic, nicolae_zig_zag_zippers, gammafunk_ghost_grave,
          nicolae_underground_beach
D:15:     hangedman_crystal_crosses_colossus [crystal_crosses_arms_four,
          crystal_crosses_arms_two, crystal_crosses_arms_one], serial_shops,
          uniq_nessos
Temple:   nicolae_temple_elliptical
Lair:1:   layout_misc_corridors, worms_lemuel, grunt_megastairs_3
Lair:2:   layout_loops_ring, guppyfry_snake_entry_island,
          ebering_ghost_inner_flame, serial_rivers,
          chequers_serial_rivers_room_b, chequers_serial_rivers_room_b,
          chequers_serial_rivers_small_b, chequers_serial_rivers_micro_c,
          chequers_serial_rivers_micro_c, chequers_serial_rivers_micro_e
Lair:3:   layout_misc_corridors, minmay_shoals_entry_lonely_mermaid,
          nicolae_quartered_pool_impasse, minivault_24,
          infiniplex_staircase_pool, uniq_gastronok
Lair:4:   layout_long_grid, grunt_megastairs_2, serial_bayou_shore_b,
          lemuel_fruit_tree
Lair:5:   gammafunk_lair_ancient_temple, layout_cave_pods,
          minmay_slime_entry_eyes, gauntlet_entry_generic
Shoals:1: layout_shoals, nicolae_shoals_water_booths
Shoals:2: layout_shoals, uniq_polyphemus
Shoals:3: layout_shoals, nicolae_shop_firing_range
Shoals:4: shoals_end_simple, layout_shoals, nicolae_shoals_isolated_beach,
          uniq_mara
Snake:1:  layout_basic
Snake:2:  layout_cave_pods
Snake:3:  layout_grid_maze, serial_shops, shop, shop,
          nicolae_shop_tiny_waterfront, nicolae_shop_waterfront,
          nicolae_snake_boneroom
Snake:4:  grunt_snake_rune_serpentine_throne, layout_cave_town, serial_library,
          serial_library_hellmonk_filled_rooms, serial_library_hellmonk_room_a,
          serial_library_hellmonk_open_square,
          serial_library_regret_index_headful,
          serial_library_regret_index_multi,
          serial_library_regret_index_turning,
          serial_library_hellmonk_angled_corner,
          serial_library_hellmonk_long_bookcase,
          serial_library_hellmonk_big_corner
Slime:1:  cheibrodos_slime_lost_civilization_2, layout_caves,
          cheibrodos_slime_lost_civilization_4
Slime:2:  layout_caves, nicolae_slime_getting_an_eyeful
Slime:3:  layout_caves, basic_altar
Slime:4:  layout_caves
Slime:5:  slime_pit_nicolae_jellycorners
Orc:1:    layout_caves, gammafunk_ghost_split, nicolae_shop_gadgets
Orc:2:    grunt_orc_tribal_feast, layout_diamond_mine, abandoned_shop
Elf:1:    eino_elf_arrival_the_gate, layout_rooms, serial_shops, shop_fountains,
          minivault_28, minivault_14, uniq_jorgrun, uniq_kirke, uniq_aizul
Elf:2:    elven_hall_of_blades_hangedman_alternative
          [nooodl_blade_entry_preview], layout_rooms
Elf:3:    minmay_elf_hall_statues, layout_loops_corners, serial_shops,
          nicolae_shop_statue_plus
Vaults:1: grunt_vaults_trifunnel, v_pattern_4, nicolae_vaults_tetromino_L_2,
          v_misc_22, v_misc_5, v_alt_pattern_2,
          vaults_room_grunt_arrival_checkpoint,
          nicolae_vaults_trapezoid_layered, nicolae_vaults_angled_halls,
          nicolae_vaults_asterisk, nicolae_vaults_an_arrangement,
          vaults_dpeg_diagonal, ontoclasm_vaults_hangar, nicolae_vaults_heist,
          layout_vaults_omnibox, serial_shops, nicolae_book_shop_shelving
Vaults:2: grunt_vaults_hallway_short, hangedman_vaults_unwind,
          nicolae_vaults_shipping_containers_3, v_misc_9, nicolae_vaults_theta,
          nicolae_vaults_trapezoid_3, grunt_vaults_hallway_long,
          nicolae_vaults_trapezoid_3, nicolae_vaults_trapezoid_1, v_misc_28,
          nicolae_vaults_two_Ls, layout_vaults_quadrants, serial_shops,
          nicolae_shop_stone, nicolae_trove_entry_free_sample
Vaults:3: ontoclasm_vaults_tryst, nicolae_vaults_oval_intersection,
          nicolae_vaults_shipping_containers_1, minmay_crypt_entry_necro_gods,
          hangedman_vaults_stagger, nicolae_vaults_three_branches, v_misc_27,
          ontoclasm_vaults_gateway, hangedman_vaults_snaps,
          nicolae_vaults_hexular_roomagon, nicolae_vaults_storage_room_statues,
          nicolae_vaults_sightless_eye, layout_vaults_ring, serial_shops, shop,
          uniq_donald, uniq_nikola
Vaults:4: nicolae_vaults_little_guard_posts,
          nicolae_vaults_trapezoid_lopsided_1, v_misc_15,
          nicolae_vaults_doubleplus_tesselated, hangedman_vaults_cutoff,
          vaults_room_fours, nicolae_vaults_variable_pillar_hall,
          layout_vaults_omnicross, serial_shops, nicolae_shop_tiny_waterfront
Vaults:5: serial_shops
Crypt:1:  layout_regular_city, mu_enter_wizlab_7, grunt_crypt_arrival_webbed
Crypt:2:  layout_gridlike, grunt_megastairs_4
Crypt:3:  cryptofortress_bobbens, uniq_bai_suzhen
Tomb:1
Depths:1: layout_cave_pools, lemuel_blue_sif_altar, hell_entry,
          serial_bayou_crossing
Depths:2: nicolae_cairo_tiling_very_big, layout_twisted_cross, enter_ziggurat_e,
          hell_entry, abyss_entry_crystal, xom_teletrap_fun, pan_entry
Depths:3: regret_index_all_hallows'_manor, layout_gridlike, hell_entry,
          basic_altar, abyss_entry, minmay_shop_grove, uniq_frederick
Depths:4: grunt_crosshair, layout_cave_shapes, minmay_misc_feat_alley,
          hell_entry, grunt_megastairs_1, minmay_shoptagon, uniq_vv

Skill      XL: |  1  2  3  4  5  6  7  8  9 10 11 12 13 14 15 16 17 18 19 20 21 22 23 24 25 26 27 |
---------------+----------------------------------------------------------------------------------+-----
Polearms       | 3 4 5 6 7 9 10 11 12 13 14 16 17 19 20 22 | 22.1
Dodging        | 1 2 7 8 |  8.0
Fighting       | 4 5 7 8 9 10 11 12 13 14 15 17 18 19 20 21 22 | 22.6
Armour         | 4 5 7 8 9 10 11 12 13 14 15 16 18 19 20 21 22 | 22.6
Invocations    | 2 4 6 7 9 10 11 12 13 15 17 18 19 20 21 22 23 24 | 24.2
Shields        | 6 9 11 12 13 14 15 16 18 19 20 21 22 24 25 26 | 26.0

Action                     |  1- 3 |  4- 6 |  7- 9 | 10-12 | 13-15 | 16-18 | 19-21 | 22-24 | 25-27 || total
---------------------------+-------+-------+-------+-------+-------+-------+-------+-------+-------++-------
  Melee: Trident           |    78 |     8 |       |       |       |   445 |       |       |       ||   531
         Spear             |       |   101 |   297 |   794 |  2129 |   154 |       |       |       ||  3475
         Glaive            |       |       |       |       |       |  1156 |  1169 |  1290 |  1416 ||  5031
         Halberd           |       |       |       |       |       |    41 |       |       |       ||    41
         Lance             |       |       |       |       |       |       |       |   109 |     5 ||   114
         Bardiche          |       |       |       |       |       |       |       |       |   177 ||   177
  Throw: Dart              |       |       |       |     4 |     8 |     2 |       |       |       ||    14
         Boomerang         |       |       |       |       |     2 |       |       |       |       ||     2
         Throwing net      |       |       |       |       |       |       |       |       |     4 ||     4
 Invoke: Divine Shield     |       |       |       |     2 |     3 |       |     1 |     2 |     1 ||     9
         Summon Divine War |       |       |       |       |     1 |       |       |       |     2 ||     3
         Cleansing Flame   |       |       |       |       |     1 |       |     2 |       |     4 ||     7
         Brand Weapon With |       |       |       |       |       |       |       |       |     1 ||     1
  Evoke: Wand              |       |       |     2 |       |       |       |       |       |     1 ||     3
    Use: Scroll            |       |     7 |     3 |    14 |     4 |     6 |     1 |     2 |     8 ||    45
         Potion            |       |       |       |     2 |       |     2 |       |       |     4 ||     8
 Armour: Scale mail        |    50 |     7 |       |       |       |    40 |       |       |       ||    97
         Ring mail         |       |    29 |   147 |    99 |       |       |       |       |       ||   275
         Plate armour      |       |       |       |   220 |   537 |    12 |       |       |       ||   769
         Crystal plate arm |       |       |       |       |       |   543 |   578 |   709 |   761 ||  2591
  Dodge: Dodged            |    33 |    30 |   127 |   176 |   328 |   251 |   114 |   148 |   278 ||  1485
  Block: Buckler           |    20 |       |       |       |       |       |       |       |       ||    20
         Tower shield      |       |       |       |    81 |  1508 |  1190 |   900 |  1251 |  1582 ||  6512
         Kite shield       |       |       |       |    34 |       |       |       |       |       ||    34

Table legend: (Time is in decaauts)
 A = Elapsed time spent in this place.
 B = Non-inter-level travel time spent in this place.
 C = Inter-level travel time spent in this place.
 D = Time resting spent in this place.
 E = Time spent auto-exploring this place.
 F = Levels seen in this place.
 G = Mean time per level.
                   A        B        C        D        E       F      G
               +--------+--------+--------+--------+--------+-----+--------+
         Total |  61792 |  53150 |   8642 |   5076 |  27248 |  55 | 1123.5 |
       Dungeon |  19004 |  15694 |   3310 |   1743 |   8884 |  15 | 1266.9 |
        Temple |     68 |      2 |     66 |      0 |      0 |   1 |   68.0 |
          Lair |   8318 |   6599 |   1719 |    764 |   3206 |   5 | 1663.6 |
        Shoals |   3834 |   3657 |    177 |     38 |   2346 |   4 |  958.5 |
     Snake Pit |   6153 |   5367 |    786 |    517 |   2439 |   4 | 1538.2 |
    Slime Pits |    301 |    301 |      0 |     56 |      4 |   5 |   60.2 |
  Orcish Mines |   2611 |   2259 |    352 |    491 |    888 |   2 | 1305.5 |
   Elven Halls |   4179 |   3943 |    236 |    486 |   1878 |   3 | 1393.0 |
        Vaults |   6393 |   5529 |    864 |    138 |   3427 |   5 | 1278.6 |
         Crypt |   3485 |   2962 |    523 |    104 |   1249 |   3 | 1161.7 |
          Tomb |    851 |    746 |    105 |     66 |    244 |   1 |  851.0 |
        Depths |   3833 |   3332 |    501 |    114 |   1719 |   4 |  958.2 |
         Sewer |    921 |    921 |      0 |      3 |    683 |   1 |  921.0 |
      Ice Cave |   1303 |   1303 |      0 |    533 |    113 |   1 | 1303.0 |
        Wizlab |    531 |    531 |      0 |     20 |    165 |   1 |  531.0 |
               +--------+--------+--------+--------+--------+-----+--------+

Top non-repeatable levels by time:
   Elf:3: 2655 daAuts
    D:11: 2239 daAuts
  Lair:1: 2126 daAuts
  Lair:2: 1979 daAuts
  Lair:3: 1789 daAuts
    D:12: 1779 daAuts
   Orc:1: 1729 daAuts
     D:6: 1675 daAuts
Vaults:5: 1628 daAuts
 Snake:4: 1626 daAuts
 Snake:1: 1572 daAuts
    D:14: 1500 daAuts
 Snake:3: 1492 daAuts
Depths:3: 1489 daAuts
 Crypt:3: 1478 daAuts
